 Dungeon Crawl Stone Soup version 0.28-a0-479-g5baa6b73be (webtiles) character file.

Game seed: 8030865316427109509

46 mg7810 the Cudgeller (level 3, -3/29 HPs)
             Began as a Demonspawn Monk on Sept 18, 2021.
             Killed from afar by an orc wizard (11 damage)
             ... with a puff of flame
             ... on level 3 of the Dungeon.
             The game lasted 00:03:49 (1988 turns).

mg7810 the Cudgeller (Demonspawn Monk)              Turns: 1988, Time: 00:03:50

Health: -3/29      AC:  6    Str: 10 (12) XL:     3   Next: 44%
Magic:  3/3        EV: 11    Int:  9 (11) God:
Gold:   54         SH:  0    Dex: 14 (15) Spells: 2/2 levels left

rFire   . . .      SeeInvis .   a - +0 mace
rCold   . . .      Faith    .   (no shield)
rNeg    . . .      Spirit   .   f - +0 ring mail
rPois   .          Reflect  .   (helmet restricted)
rElec   .          Harm     .   i - +0 cloak
rCorr   .          Rampage  .   (no gloves)
Will    .....                   (no boots)
Stlth   +.........              (no amulet)
HPRegen 0.09/turn               (no ring)
MPRegen 0.08/turn               (no ring)

@: flying, hasted, very quick
A: antennae 2
a: no special abilities


You were on level 3 of the Dungeon.
You visited 1 branch of the dungeon, and saw 3 of its levels.

You collected 54 gold pieces.

Inventory:

Hand Weapons
 a - a +0 mace (weapon)
Missiles
 g - 6 javelins (quivered)
Armour
 f - a +0 ring mail (worn)
 i - a +0 cloak (worn)
Jewellery
 j - a ring of magical power
Scrolls
 d - 2 scrolls of identify {unknown}
 h - a scroll of teleportation {unknown}
 k - a scroll of enchant armour {unknown}
 l - a scroll of noise {unknown}


   Skills:
 + Level 3.2 Fighting
 + Level 3.3 Maces & Flails
 * Level 0.8 Throwing
 * Level 0.4 Armour
 + Level 2.9 Dodging
 + Level 1.8 Stealth
 * Level 0.4 Unarmed Combat


You had 2 spell levels left.
You didn't know any spells.
Your spell library was empty.

Dungeon Overview and Level Annotations

Branches:
Dungeon (3/15)

Altars:
Zin


Innate Abilities, Weirdness & Mutations

You have a pair of antennae on your head.


Message History

You fly up into the air.
The quokka barely misses you.
It was a potion of haste.
You feel yourself speed up. The quokka misses you.
You hit the quokka.
You kill the quokka!
You thump the orc!
You kill the orc!
The goblin barely misses you.
Items here: )) ††.
You sock the goblin!
You kill the goblin!
You hit the orc.
The orc is severely wounded.
It was a potion of degeneration.
There was something very wrong with that liquid.
You feel weakened.
You feel dopey.
You feel clumsy.
You hit something but do no damage. Something hits you but does no damage.
You hit something. You hit something. Something hits you but does no damage.
You miss something. Something hits you but does no damage.
You hit something.
You hear some strange, mumbled words.
You are confused.
You completely miss something. Something hits you but does no damage.
You completely miss something. You closely miss something.
Something hits you but does no damage.
You bump into the rock wall.
Something hits you but does no damage.
You miss something. Something hits you but does no damage.
You miss something. You hit something. Something hits you but does no damage.
You bump into the rock wall.
Something hits you but does no damage.
You bump into the rock wall.
Something hits you.
You bump into the rock wall.
You feel less confused.
You miss something. Something hits you.
* * * LOW HITPOINT WARNING * * *
You hit something but do no damage.
You hear some strange, mumbled words.
A puff of flame appears from out of thin air!
The puff of flame hits you!
You die...

#..........
#..........
#.....{....
#....{.....
#.<.......
###.###.######..
......oo.......
####.##{#######
# #@# #.# #†#
..# #..# #..#
##.# #>. ###


You could see 2 orcs.

Vanquished Creatures
  A worm (D:2)
  2 orcs (D:3)
  3 bats
  2 endoplasms
  A giant cockroach (D:1)
  5 goblins
  6 hobgoblins
  3 kobolds
  2 quokkas
  6 ball pythons
  3 frilled lizards
  2 rats
36 creatures vanquished.

Notes
Turn   | Place    | Note
-------+----------+-------------------------------------------
     0 | D:1      | mg7810 the Demonspawn Monk began the quest for the Orb.
     0 | D:1      | Reached XP level 1. HP: 18/18 MP: 1/1
   594 | D:1      | Gained mutation: You have a pair of small antennae on your
                  | head. [demonic ancestry]
   594 | D:1      | Reached XP level 2. HP: 20/24 MP: 2/2
   911 | D:2      | Found a faded altar of an unknown god.
  1425 | D:2      | Gained mutation: You have a pair of antennae on your head.
                  | [demonic ancestry]
  1425 | D:2      | Reached XP level 3. HP: 29/29 MP: 3/3
  1988 | D:3      | Killed from afar by an orc wizard

Illustrated notes

Levels and vault maps discovered:
D:1:      lightli_arrival_windingriver, layout_loops_cross
D:2:      layout_loops_ring, basic_altar, shapermc_ecumenical_altar_ellora
D:3:      layout_basic

Skill      XL: |  1 |
---------------+----+-----
Maces & Flails | 3 |  3.3
Fighting       | |  3.2
Throwing       | |  0.8
Armour         | |  0.4
Dodging        | |  2.9
Stealth        | |  1.8
Unarmed Combat | |  0.4

Action                   || total
-------------------------++-------
Melee: Mace              ||   124
  Use: Potion            ||     3
Armor: Ring mail         ||    53
       Robe              ||     1
Dodge: Dodged            ||    85

Table legend: (Time is in decaauts)
 A = Elapsed time spent in this place.
 B = Non-inter-level travel time spent in this place.
 C = Inter-level travel time spent in this place.
 D = Time resting spent in this place.
 E = Time spent auto-exploring this place.
 F = Levels seen in this place.
 G = Mean time per level.
                   A        B        C        D        E       F      G
               +--------+--------+--------+--------+--------+-----+--------+
         Total |   2010 |   1982 |     28 |      0 |   1592 |   3 |  670.0 |
       Dungeon |   2010 |   1982 |     28 |      0 |   1592 |   3 |  670.0 |
               +--------+--------+--------+--------+--------+-----+--------+

Top non-repeatable levels by time:
     D:2: 1088 daAuts
     D:1: 880 daAuts
     D:3: 41 daAuts
